 Dungeon Crawl Stone Soup version 0.31-a0-229-g1fc7ce93e2 (webtiles) character file.

Game seed: 14550915517912663206

200 qw the Shooter (level 5, -4/45 HPs)
             Began as a Minotaur Hexslinger on July 6, 2023.
             Was an Initiate of Okawaru.
             Slain by an iron imp (6 damage)
             ... summoned by Eustachio
             ... on level 4 of the Dungeon.
             The game lasted 00:01:18 (2475 turns).

qw the Shooter (Minotaur Hexslinger)                Turns: 2475, Time: 00:01:18

Health: -4/45      AC:  5    Str: 13    XL:     5   Next: 49%
Magic:  5/5        EV: 11    Int: 10    God:    Okawaru [......]
Gold:   123        SH:  0    Dex: 14    Spells: 5/6 levels left

rFire   . . .        Y - +2 sling
rCold   . . .        (no shield)
rNeg    . . .        e - +0 ring mail
rPois   .            (helmet restricted)
rElec   .            (no cloak)
rCorr   .            (no gloves)
SInv    .            (no boots)
Will    .....        (no amulet)
Stlth   +            (no ring)
HPRegen 0.27/turn    (no ring)
MPRegen 0.09/turn

%: no passive effects
@: no status effects
A: horns 2, retaliatory headbutt
a: Renounce Religion


You were on level 4 of the Dungeon.
You worshipped Okawaru.
Okawaru was noncommittal.
You visited 2 branches of the dungeon, and saw 5 of its levels.

You collected 123 gold pieces.


Innate Abilities, Weirdness & Mutations

You have a pair of horns on your head.
You reflexively headbutt those who attack you in melee.


   Skills:
 - Level 3.0 Fighting
 + Level 5.1 Ranged Weapons
 - Level 2.7 Armour
 - Level 2.1 Dodging
 - Level 1.0 Spellcasting
 - Level 2.0 Hexes


You had 5 spell levels left.
You knew the following spells:

 Your Spells              Type           Power      Damage    Failure   Level
a - Slow                  Hex            16%        N/A       30%         1

Your spell library contained the following spells:

 Spells                   Type           Power      Damage    Failure   Level
 Inner Flame              Hex/Fire       2%         N/A       80%         3
 Portal Projectile        Hex/Tloc       4%         N/A       80%         3
 Cause Fear               Hex            2%         N/A       97%         4

Inventory:

Hand Weapons
 Y - a +2 sling (weapon)
Armour
 e - a +0 ring mail (worn)
Scrolls
 h - 2 scrolls of identify
Potions
 a - 2 potions of haste
 c - a potion of might
 g - a potion of enlightenment

Dungeon Overview and Level Annotations

Branches:
Dungeon (4/15)             Temple (1/1) D:4

Altars:
Cheibriados
Dithmenos
Elyvilon
Fedhas
Hepliaklqana
Kikubaaqudgha
Makhleb
Nemelex Xobeh
Okawaru
Ru
Sif Muna
Trog
Uskayaw
Vehumet
Yredelemnul
The Shining One

Annotations:
D:1 exclusion: 4 gnolls
D:4 Eustachio


Message History

You headbutt the river rat!
You kill the river rat!
The river rat's corpse disappears in a puff of smoke!
You shoot a sling bullet.
The sling bullet barely misses the iron imp.
The iron imp disappears in a puff of smoke!
You shoot a sling bullet. The sling bullet hits Eustachio.
Eustachio is lightly wounded.
The quasit bites you but does no damage.
The quasit barely misses you. The quasit closely misses you.
Eustachio gestures wildly while chanting.
The white imp closely misses you. You furiously retaliate!
You headbutt the white imp. The quasit bites you.
The quasit closely misses you. The quasit barely misses you.
You shoot a sling bullet.
The sling bullet closely misses the white imp.
The bat hits you but does no damage. Eustachio closely misses you.
The quasit bites you but does no damage.
The quasit claws you but does no damage.
The quasit misses you. The bat closely misses you.
You shoot a sling bullet.
The sling bullet barely misses Eustachio.
The sling bullet hits the white imp but does no damage.
The white imp is moderately wounded.
The bat misses you.
The quasit bites you but does no damage.
The quasit misses you.
The quasit claws you but does no damage.
Eustachio hits you with a +1 rapier of electrocution.
You are electrocuted!
The bat hits you but does no damage.
The quasit bites you but does no damage.
The quasit claws you but does no damage. x2
Eustachio hits you with a +1 rapier of electrocution!
You are electrocuted!
You shoot a sling bullet. The sling bullet hits Eustachio.
Eustachio is moderately wounded.
The bat hits you. The quasit closely misses you.
The quasit claws you but does no damage.
The quasit closely misses you. The iron imp hits you.
You die...

#..#......#.#
#...........##. ..
#.%...#....... ...
#..##.<.#.8.##..##...#
..................#....
.....#...8.>?8.........
#... #.........5......#
#.. #....#.8.##@5.....#
.. #..........@5.....#
. ...##......b.......#
..#. #....##.....##.#
..## #....##........
#....#####$##... #.....
... .# ..##.. .... # [#
....


You could see Eustachio, an iron imp (summoned), a quasit (summoned), a white
imp (summoned) and a bat (summoned).

Vanquished Creatures
  A scorpion (D:3)
  Jessica (D:2)
  A gnoll (D:1)
  An adder (D:3)
  A worm (D:2)
  3 dart slugs
  2 orcs (D:3)
  7 ball pythons
  7 endoplasms
  4 giant cockroaches
  9 goblins
  4 hobgoblins
  11 jackals
  4 quokkas
  3 bats
  6 frilled lizards
  7 kobolds
  12 rats
84 creatures vanquished.

Notes
Turn   | Place    | Note
-------+----------+-------------------------------------------
     0 | D:1      | qw the Minotaur Hexslinger began the quest for the Orb.
     0 | D:1      | Reached XP level 1. HP: 16/16 MP: 1/1
     0 | D:1      | 0 ||| qw: Version: 0.3-a-46-gb1f654a
     0 | D:1      | 0 ||| qw: Game counter: 1151
     0 | D:1      | 0 ||| qw: Melee chars always use a shield: true
     0 | D:1      | 0 ||| qw: God list: Okawaru
     0 | D:1      | 0 ||| qw: Allow faded altars: false
     0 | D:1      | 0 ||| qw: Do Orc after clearing Dungeon:15 true
     0 | D:1      | 0 ||| qw: Do second Lair branch before Depths: true
     0 | D:1      | 0 ||| qw: Lair rune preference: random
     0 | D:1      | 0 ||| qw: Goals: Normal
     0 | D:1      | 0 ||| PLANNING D:1-11
    76 | D:1      | Reached skill level 3 in Ranged Weapons
    78 | D:1      | Reached XP level 2. HP: 19/23 MP: 2/2
    81 | D:1      | 81 ||| FLEEEEING.
    83 | D:1      | 83 ||| FLEEEEING.
    84 | D:1      | 84 ||| FLEEEEING.
    85 | D:1      | 85 ||| FLEEEEING.
   197 | D:1      | 197 ||| DROPPING scroll of poison.
   204 | D:1      | 204 ||| FLEEEEING.
   205 | D:1      | 205 ||| FLEEEEING.
   216 | D:1      | 216 ||| FLEEEEING.
   217 | D:1      | 217 ||| FLEEEEING.
   225 | D:1      | HP: 1/24 [gnoll/+0 spear (7)]
   227 | D:1      | Reached XP level 3. HP: 2/29 MP: 3/3
   522 | D:1      | 522 ||| READING scroll labelled LIUTUF PECOI.
   561 | D:2      | 561 ||| STAIRDANCE
   589 | D:2      | Reached skill level 4 in Ranged Weapons
   737 | D:2      | Found a faded altar of an unknown god.
  1115 | D:2      | Found a sacrificial altar of Ru.
  1313 | D:2      | 1313 ||| Stepping ~*~*~tactically~*~*~ (outnumbered).
  1315 | D:2      | 1315 ||| Stepping ~*~*~tactically~*~*~ (outnumbered).
  1320 | D:2      | Reached XP level 4. HP: 34/36 MP: 4/4
  1533 | D:2      | Noticed Jessica
  1537 | D:2      | Killed Jessica
  1538 | D:2      | Reached skill level 5 in Ranged Weapons
  1550 | D:2      | 1550 ||| UPGRADING to +0 ring mail.
  1560 | D:2      | 1560 ||| DROPPING +0 robe.
  1561 | D:2      | 1561 ||| READING scroll labelled GISISTRADIOGH.
  1562 | D:2      | 1562 ||| READING scroll labelled GUUGGAOFRU.
  1563 | D:2      | 1563 ||| READING scroll labelled MEMERI KOAT.
  1564 | D:2      | 1564 ||| READING scroll labelled QAUCYE ZOLOSIXT.
  1565 | D:2      | 1565 ||| DRINKING 2 bubbling puce potions.
  1566 | D:2      | 1566 ||| READING 3 scrolls of identify.
  1566 | D:2      | 1566 ||| IDENTIFYING puce potion
  1567 | D:2      | 1567 ||| READING 2 scrolls of identify.
  1567 | D:2      | 1567 ||| IDENTIFYING murky coppery potion
  1586 | D:3      | Noticed a scorpion
  1590 | D:3      | Killed a scorpion
  1591 | D:3      | Reached XP level 5. HP: 40/41 MP: 5/5
  1658 | D:3      | Found an ancient bone altar of Kikubaaqudgha.
  1814 | D:3      | Reached skill level 3 in Fighting
  1916 | D:3      | Found a shimmering blue altar of Sif Muna.
  1967 | D:3      | Found a glowing golden altar of the Shining One.
  2049 | D:3      | 2049 ||| READING scroll labelled UTAWOCW ROMMU.
  2050 | D:3      | 2050 ||| READING scroll labelled SECLOROSTROI.
  2151 | D:3      | 2151 ||| READING scroll labelled ULERUM SE ETEWK.
  2152 | D:3      | 2152 ||| DRINKING 2 cyan potions.
  2182 | D:4      | Found a staircase to the Ecumenical Temple.
  2183 | D:4      | 2183 ||| PLANNING TEMPLE
  2183 | D:4      | 2183 ||| STAIRDANCE
  2187 | D:4      | 2187 ||| STAIRDANCE
  2191 | D:4      | 2191 ||| STAIRDANCE
  2204 | D:4      | 2204 ||| STAIRDANCE
  2210 | D:4      | 2210 ||| STAIRDANCE
  2225 | Temple   | Entered the Ecumenical Temple
  2248 | Temple   | 2248 ||| PLANNING OKAWARU WORSHIP
  2416 | Temple   | Became a worshipper of Warmaster Okawaru
  2417 | Temple   | 2417 ||| PLANNING D:1-11
  2450 | D:4      | Noticed Eustachio
  2465 | D:4      | HP: 10/45 [river rat[Eustachio] (6)]
  2466 | D:4      | 2466 ||| DRINKING potion of heal wounds.
  2474 | D:4      | HP: 2/45 [Eustachio/+1 rapier of electrocution (15)]
  2475 | D:4      | Slain by an iron imp

Levels and vault maps discovered:
D:1:      tarquinn_simple_flora_water_a, layout_rooms, minmay_tall_x
D:2:      layout_basic, basic_altar, chequers_ecumenical_altar_grove,
          uniq_jessica
D:3:      layout_rooms, kiku_gazebo_pond_becter, lemuel_blue_sif_altar,
          nicolae_tso_swordbearing_angel, grunt_decor_junction
D:4:      layout_cave_pools, grunt_temple_overflow_order_and_chaos_1,
          nicolae_gozag_zags_fifth_avenue, nicolae_ru_sacrificial_ziggurat,
          minmay_temple_entry_statues_pillars, hangedman_abyss_or_decor_passed,
          uniq_eustachio, uniq_ijyb
Temple:   chequers_temple_sunken

Skill      XL: |  1  2  3  4  5 |
---------------+----------------+-----
Ranged Weapons | 3 4 5 |  5.1
Fighting       | 2 3 |  3.0
Armour         | 2 |  2.7
Dodging        | |  2.1
Spellcasting   | |  1.0
Hexes          | |  2.0

Action                     |  1- 3 |  4- 6 || total
---------------------------+-------+-------++-------
   Fire: Sling             |   161 |   102 ||   263
    Use: Scroll            |     1 |     9 ||    10
         Potion            |       |     3 ||     3
 Armour: Robe              |     7 |     1 ||     8
         Ring mail         |       |    32 ||    32
  Dodge: Dodged            |    47 |    49 ||    96

Table legend:
 A = Non-vault XP
 B = Vault XP
 C = Vault XP percentage of total XP
 D = Non-vault monster count
 E = Vault monster count
 F = Vault count percentage of total count
                 A         B        C        D         E       F
            +---------+---------+-------+---------+---------+-------
      Total |     229 |      58 |  20.2 |      79 |       5 |   6.0
            +---------+---------+-------+---------+---------+-------
        D:1 |      41 |      21 |  33.9 |      25 |       4 |  13.8
        D:2 |      44 |      37 |  45.7 |      27 |       1 |   3.6
        D:3 |     141 |       0 |   0.0 |      25 |       0 |   0.0
        D:4 |       3 |       0 |   0.0 |       2 |       0 |   0.0
            +---------+---------+-------+---------+---------+-------
